 Dungeon Crawl Stone Soup version 0.19-a0-1456-gc747e27 (webtiles) character file.

7953 RonnieColeman the Infuser (level 11, -8/63 HPs)
             Began as a Deep Elf Conjurer on Sept 6, 2016.
             Was an Elder of Vehumet.
             Mangled by Ryco's ghost (19 damage)
             ... on level 1 of the Lair of Beasts.
             The game lasted 00:28:34 (8622 turns).

RonnieColeman the Infuser (Deep Elf Conjurer)       Turns: 8622, Time: 00:28:34

Health: -8/63      AC:  8    Str:  5    XL:     11   Next: 3%
Magic:  1/46       EV: 12    Int: 27    God:    Vehumet [****..]
Gold:   507        SH:  0    Dex: 12    Spells: 5 memorised, 17 levels left

rFire  . . .     SeeInvis .     V - +0 long sword "Saothe Epta" {elec, +Fly Int+3 Dex-3 Stlth+}
rCold  . . .     Gourm    .     r - +2 robe {MR+}
rNeg   . . .     Faith    .     (no shield)
rPois  .         Spirit   .     e - +2 helmet
rElec  .         Dismiss  .     (no cloak)
rCorr  .         Reflect  .     S - +0 pair of gloves
MR     ++...     Harm     .     (no boots)
Stlth  +++.......               (no amulet)
                                J - ring of magical power
                                k - ring of magical power

@: no status effects
A: no striking features
a: Renounce Religion, Evoke Flight


You were on level 1 of the Lair of Beasts.
You worshipped Vehumet.
Vehumet was greatly pleased with you.
You were not hungry.

You visited 3 branches of the dungeon, and saw 12 of its levels.

You collected 545 gold pieces.
You spent 38 gold pieces at shops.

Inventory:

Hand Weapons
 V - the +0 long sword "Saothe Epta" (weapon) {elec, +Fly Int+3 Dex-3 Stlth+}
   (You found it on level 10 of the Dungeon)

   Occasionally, upon striking a foe, it will discharge some electrical energy
   and cause terrible harm.
   It affects your intelligence (+3).
   It affects your dexterity (-3).
   It lets you fly.
   It makes you more stealthy.
Armour
 e - a +2 helmet (worn)
 r - a +2 robe of magic resistance (worn)
 y - a mottled dragon hide
 N - the +2 scale mail of the Moon {Regen+}
   (You found it on level 7 of the Dungeon)

   It increases your rate of regeneration.
 S - a +0 pair of gloves (worn)
 W - a troll hide
 X - a +1 robe of fire resistance
Jewellery
 k - a ring of magical power (left hand)
 m - an uncursed ring of ice
 o - an uncursed ring of positive energy
 J - a ring of magical power (right hand)
 Q - an uncursed ring of see invisible
Scrolls
 l - 5 scrolls of identify
 s - a scroll of amnesia
 t - 2 scrolls of teleportation
 u - a scroll of recharging
 v - 3 scrolls of remove curse
 z - 2 scrolls of blinking
 B - 2 scrolls of magic mapping
 R - a scroll of vulnerability
Potions
 g - 4 potions of haste
 h - 2 potions of flight
 i - 3 potions of mutation
 x - a potion of brilliance
 A - 3 potions of heal wounds
 F - 4 potions of curing
 H - a potion of lignification
 M - a potion of agility
 P - a potion of might
Books
 b - a book of Conjurations

   Spells                             Type                      Level
   a - Magic Dart                     Conjuration                  1
   b - Searing Ray                    Conjuration                  2
   c - Dazzling Spray                 Conjuration/Hexes            3
   d - Fulminant Prism                Conjuration/Hexes            4
   e - Iskenderun's Mystic Blast      Conjuration                  4
   f - Iskenderun's Battlesphere      Conjuration/Charms           5
 E - a book of Necromancy

   Spells                             Type                      Level
   a - Pain                           Necromancy                   1
   b - Animate Skeleton               Necromancy                   1
   c - Vampiric Draining              Necromancy                   3
   d - Regeneration                   Charms/Necromancy            3
   e - Animate Dead                   Necromancy                   4
   f - Control Undead                 Necromancy                   4
 T - a book of Ice

   Spells                             Type                      Level
   a - Ice Form                       Ice/Transmutation            4
   b - Metabolic Englaciation         Hexes/Ice                    5
   c - Ozocubu's Refrigeration        Ice                          6
   d - Bolt of Cold                   Conjuration/Ice              6
   e - Freezing Cloud                 Conjuration/Ice/Air          6
   f - Simulacrum                     Ice/Necromancy               6
Comestibles
 c - 10 bread rations
 d - 4 fruits
 f - 5 meat rations
 p - 8 beef jerkies
 I - 2 slices of pizza


   Skills:
 + Level 5.1 Fighting
 - Level 2.4 Dodging
 - Level 2.4 Stealth
 * Level 11.2 Spellcasting
 + Level 10.8 Conjurations
 - Level 11.3 Charms
 + Level 4.2 Necromancy
 * Level 4.5 Fire Magic


You had 17 spell levels left.
You knew the following spells:

 Your Spells              Type           Power        Failure   Level  Hunger
a - Magic Dart            Conj           ####         1%          1    None
b - Iskenderun's Battles  Conj/Chrm      ######..     1%          5    ###....
c - Iskenderun's Mystic   Conj           ######..     1%          4    None
d - Throw Flame           Conj/Fire      ######       1%          2    None
n - Regeneration          Chrm/Necr      ######....   1%          3    None


Dungeon Overview and Level Annotations

Branches:
Dungeon (10/15)            Temple (1/1) D:5            Lair (1/6) D:10
    Orc: D:9-12

Altars:
Ashenzari
Cheibriados
Dithmenos
Elyvilon
Fedhas
Gozag
Hepliaklqana
Kikubaaqudgha
Makhleb
Nemelex Xobeh
Okawaru
Qazlal
Ru
Sif Muna
Trog
Uskayaw
Vehumet
Xom
Yredelemnul
Zin
The Shining One

Shops:
D:5 =*((   D:10 *

Annotations:
D:5 Edmund
Lair:1 exclusion: 2 oklob plants, Ryco's ghost, journeyman MiBe


Message History

Your battlesphere fires!
The barrage of energy hits Ryco's ghost.
Ryco's ghost is almost destroyed.
Ryco's ghost closely misses you.
Casting: Magic Dart
Confirm with . or Enter, or press ? or * to list all spells.
Aiming: Magic Dart
Press: ? - help, Shift-Dir - straight line, f/p - Ryco's ghost
Aim: Ryco's ghost, wielding an antimagic weapon (almost destroyed)
The magic dart hits Ryco's ghost.
Ryco's ghost is almost destroyed.
Your battlesphere fires!
The barrage of energy hits Ryco's ghost.
Ryco's ghost is almost destroyed.
Ryco's ghost hits you!
* * * LOW HITPOINT WARNING * * *
You feel your power leaking away.
There is an open door here.
Ryco's ghost hits you!!
You die...

.....P .$P................# .
......PP>).PP.................
###.......PPPPP..................
#..........PPP.............#.####
...........................#...
#.................(##...........
#..................##......#.....
#...................#............
................@W*.'......P...
#+.##.###.......#..P.......####
...............###.##........
...............####.#.........
..................*...........
##.##P##.#P####..#############
########### ####


You could see Ryco's ghost and a friendly battlesphere.

Vanquished Creatures
  The ghost of edsrzf the Destroyer, a novice DsWz of Vehumet (D:8)
  The ghost of RonnieColeman the Magician, a novice OpCj of Kikubaaqudgha (D:7)
  A troll (D:10)
  2 two-headed ogres
  A hippogriff (D:8)
  3 hungry ghosts
  2 mottled dragons
  Menkaure (D:4)
  Duvessa (D:6)
  2 water moccasins
  3 orc warriors
  2 ice beasts
  A black bear (D:6)
  A wasp (D:8)
  2 phantoms
  14 ogres
  2 centaurs
  The ghost of Ultraviolent4 the Insei, an amateur DsAE of Okawaru (D:4)
  A big kobold (D:7)
  9 giant frogs
  5 scorpions
  Dowan (D:6)
  3 wights (D:6)
  2 howler monkeys (D:4)
  A centaur zombie (D:10)
  6 crimson imps
  8 hounds
  2 jellies
  13 orc wizards
  2 centaur skeletons
  7 orc priests
  2 giant frog skeletons
  2 iguanas (D:7)
  5 worker ants
  2 hound zombies
  A hound skeleton (D:4)
  A worker ant zombie (D:6)
  10 adders
  2 shadow imps (D:10)
  An ooze (D:3)
  An adder zombie (D:9)
  3 adder skeletons
  4 worms
  A dart slug (D:1)
  3 giant geckos
  41 orcs
  6 bats
  9 giant cockroaches
  4 goblins
  2 hobgoblins
  12 jackals
  10 quokkas
  4 giant newts
  6 kobolds
  2 quokka skeletons
  A quokka zombie (D:5)
  6 rats
242 creatures vanquished.

Vanquished Creatures (others)
  An orc (D:4)
1 creature vanquished.

Grand Total: 243 creatures vanquished

Notes
Turn   | Place    | Note
-------+----------+-------------------------------------------
     0 | D:1      | RonnieColeman the Deep Elf Conjurer began the quest for the Orb.
     0 | D:1      | Reached XP level 1. HP: 10/10 MP: 6/6
   222 | D:1      | Reached XP level 2. HP: 15/15 MP: 6/8
   369 | D:1      | Reached skill level 5 in Conjurations
   696 | D:2      | Reached XP level 3. HP: 19/19 MP: 10/10
  1485 | D:3      | Reached XP level 4. HP: 24/24 MP: 12/12
  1546 | D:3      | Learned a level 4 spell: Iskenderun's Mystic Blast
  1680 | D:3      | Found a faded altar of an unknown god.
  1924 | D:4      | Reached XP level 5. HP: 28/28 MP: 14/14
  1928 | D:4      | Noticed Ultraviolent4's ghost (amateur DsAE)
  2022 | D:4      | Reached skill level 5 in Spellcasting
  2045 | D:5      | Entered Level 5 of the Dungeon
  2143 | D:5      | Reached XP level 6. HP: 25/32 MP: 3/16
  2314 | D:4      | Killed Ultraviolent4's ghost
  2408 | D:4      | Reached XP level 7. HP: 36/36 MP: 1/18
  2426 | D:4      | Learned a level 5 spell: Iskenderun's Battlesphere
  2485 | D:4      | Reached skill level 1 in Charms
  2526 | D:4      | Noticed Menkaure
  2631 | D:4      | Killed Menkaure
  2631 | D:4      | Reached skill level 1 in Fighting
  2836 | D:5      | Found Qosyprou's Jewellery Shoppe.
  2944 | D:5      | Noticed Edmund
  3074 | D:5      | Found Hujupp's Antique Weapon Boutique.
  3143 | D:5      | Found Doicsiople's Weapon Emporium.
  3151 | D:5      | Found Zoyh's General Store.
  3231 | D:5      | Found a staircase to the Ecumenical Temple.
  3239 | Temple   | Entered the Ecumenical Temple
  3328 | Temple   | Became a worshipper of Vehumet
  3790 | D:6      | Reached XP level 8. HP: 29/44 MP: 1/20
  3932 | D:6      | Reached skill level 5 in Charms
  4380 | D:6      | Reached * piety under Vehumet
  4380 | D:6      | Offered knowledge of Sting by Vehumet.
  4397 | D:6      | Noticed Dowan
  4399 | D:6      | Killed Dowan
  4438 | D:6      | Found a shattered altar of Ashenzari.
  4523 | D:6      | Reached XP level 9. HP: 42/50 MP: 15/23
  4889 | D:6      | Noticed Duvessa
  4895 | D:6      | Killed Duvessa
  5094 | D:7      | Noticed RonnieColeman's ghost (novice OpCj)
  5096 | D:7      | Killed RonnieColeman's ghost
  5425 | D:7      | Reached ** piety under Vehumet
  5430 | D:7      | Reached skill level 10 in Charms
  5437 | D:7      | Offered knowledge of Sandblast by Vehumet.
  5578 | D:7      | Reached skill level 10 in Conjurations
  5809 | D:7      | Reached XP level 10. HP: 56/58 MP: 25/25
  5924 | D:7      | Got a ruby-encrusted scale mail
  6126 | D:8      | Learned a level 3 spell: Regeneration
  6338 | D:8      | Offered knowledge of Throw Flame by Vehumet.
  6342 | D:8      | Learned a level 2 spell: Throw Flame
  6347 | D:8      | Reached skill level 1 in Necromancy
  6349 | D:8      | Noticed edsrzf's ghost (novice DsWz)
  6349 | D:8      | Reached skill level 10 in Spellcasting
  6354 | D:8      | Killed edsrzf's ghost
  7030 | D:9      | Reached skill level 5 in Fighting
  7033 | D:9      | Reached *** piety under Vehumet
  7364 | D:9      | Offered knowledge of Ignite Poison by Vehumet.
  7567 | D:10     | Entered Level 10 of the Dungeon
  7613 | D:10     | Got a brightly glowing long sword
  7614 | D:10     | Identified the cursed +0 long sword "Saothe Epta" {elec, +Fly Int+3 Dex-3 Stlth+} (You found it on level 10 of the Dungeon)
  7702 | D:10     | Found Ethe's Assorted Antiques.
  7713 | D:10     | Bought a scroll labeled VULEGEDOAMO for 38 gold pieces
  7764 | D:10     | Reached **** piety under Vehumet
  7808 | D:10     | Found a staircase to the Lair.
  8233 | D:10     | Offered knowledge of Conjure Flame by Vehumet.
  8233 | D:10     | Reached XP level 11. HP: 63/63 MP: 28/28
  8297 | D:10     | Identified the +2 scale mail of the Moon {Regen+} (You found it on level 7 of the Dungeon)
  8332 | Lair:1   | Entered Level 1 of the Lair of Beasts
  8368 | Lair:1   | Noticed an oklob plant
  8368 | Lair:1   | Noticed an oklob plant
  8584 | Lair:1   | Noticed Ryco's ghost (journeyman MiBe)
  8622 | Lair:1   | Mangled by Ryco's ghost

Vault maps used:
D:1:      dpeg_arrival_stone_temple_mockup
D:3:      ecumenical_altar_2
D:4:      uniq_menkaure
D:5:      first_bread, serial_shops, nicolae_shop_trees, shop, shop_fountains,
          nicolae_shop_stone, uniq_edmund
D:6:      basic_altar, uniq_duvessa
D:7:      kennysheep_windowed_halls, grunt_ogre_cave
D:10:     lair_0_dummy, serial_shops, shop
Temple:   regret_index_temple_sigil_plot
Lair:1:   disabler_island, grunt_megastairs_3, infiniplex_staircase_pool_2,
          serial_bayou_shore_b

Skill      XL: |  1  2  3  4  5  6  7  8  9 10 |
---------------+-------------------------------+-----
Conjurations   | 5 6 7 8 9 10 | 10.8
Spellcasting   | 4 5 6 7 8 9 11 | 11.2
Charms         | 4 7 10 11 | 11.3
Fighting       | 1 3 4 5 |  5.1
Necromancy     | 4 |  4.2
Fire Magic     | 4 |  4.5
Dodging        | |  2.4
Stealth        | |  2.4

Action                   |  1- 3 |  4- 6 |  7- 9 | 10-12 || total
-------------------------+-------+-------+-------+-------++-------
Melee: Short sword       |     2 |       |       |       ||     2
       Mace              |       |     3 |    16 |     5 ||    24
       Long sword        |       |       |       |     6 ||     6
 Cast: Magic Dart        |    98 |    72 |   144 |    57 ||   371
       Iskenderun's Myst |       |    12 |    68 |    84 ||   164
       Iskenderun's Batt |       |       |    22 |    21 ||    43
       Regeneration      |       |       |       |     1 ||     1
       Throw Flame       |       |       |       |     7 ||     7
  Use: Scroll            |     4 |       |       |    17 ||    21
  Eat: Chunk             |     1 |     5 |    18 |    11 ||    35
       Beef jerky        |       |       |     1 |       ||     1
Armor: Robe              |     6 |    19 |    40 |    17 ||    82
Dodge: Dodged            |    12 |    13 |    58 |    23 ||   106
